 Dungeon Crawl Stone Soup version 0.30.1-11-g7821555f0a (webtiles) character file.

Game seed: 8416341024686729850

58038 caec the Tainter (level 14, 0/93 HPs)
             Began as a Green Draconian Transmuter on Dec 31, 2023.
             Was a High Priest of Hepliaklqana.
             Killed from afar by a hellion (24 damage)
             ... with damnation
             ... in a Gauntlet on Jan 3, 2024.
             The game lasted 01:48:43 (21384 turns).

caec the Tainter (Green Draconian Transmuter)      Turns: 21384, Time: 01:48:44

Health: 0/93       AC: 11    Str: 18    XL:     14   Next: 48%
Magic:  30/30      EV: 16    Int: 16    God:    Hepliaklqana [*****.]
Gold:   1374       SH:  0    Dex: 15    Spells: 18/38 levels left

rFire   + .          .
                       - Unarmed
rCold   . . .        (no shield)
rNeg    + . .        (body armour unavailable)
rPois   +            i - +2 hat
rElec   .            N - scarf {repulsion}
rCorr   .            (no gloves)
SInv    .            E - +0 pair of boots
Will    +....        h - amulet of magic regeneration
Stlth   ++++         e - ring of Unkin {Fire rN+ Str+6 Slay+3}
HPRegen 0.35/turn    c - ring of protection from cold
MPRegen 0.62/turn

%: no teleportation, repel missiles
@: on berserk cooldown, slowed, studying Shields, very slow
A: reduced essence, breathe noxious fumes, AC +8, unfitting armour, stinger 1,
poison resistance, cold-blooded, antennae 1, camouflage 1
a: Breathe Noxious Fumes, Renounce Religion, Recall Ancestor, Ancestor Identity,
Transference, Idealise


You were in a Gauntlet.
You worshipped Hepliaklqana.
Hepliaklqana was extremely pleased with you.
You visited 4 branches of the dungeon, and saw 19 of its levels.
You also visited: Bailey and Gauntlet.

You collected 1647 gold pieces.
You spent 273 gold pieces at shops.

Inventory:

Missiles
 f - 6 atropa-tipped darts
 q - 35 poisoned darts (quivered)
 A - 2 throwing nets
Armour
 i - a +2 hat (worn)
 B - a +0 cloak
 C - an orb of guile
 E - a +0 pair of boots (worn)
 N - a scarf of repulsion (worn)
Jewellery
 c - a ring of protection from cold (right hand)
 e - the ring of Unkin (left hand) {Fire rN+ Str+6 Slay+3}
   (You found it on level 3 of the Dungeon)

   [ring of fire]

   It enhances your fire magic.
   Str:       It affects your strength (+6).
   Slay:      It affects your accuracy & damage with ranged weapons and melee
   (+3).
   rF:        It protects you from fire.
   rC:        It makes you vulnerable to cold.
   rN:        It protects you from negative energy.
 h - an amulet of magic regeneration (around neck)
 s - a ring of poison resistance
 u - a +5 ring of evasion
 F - an amulet of reflection
 I - an amulet of faith
 K - a ring of positive energy
 L - an amulet of regeneration
 O - the ring of Lyuxe {Will+++ rCorr Int+4 Dex-4}
   (You found it in a Gauntlet)

   [ring of resist corrosion]

   Int:       It affects your intelligence (+4).
   Dex:       It affects your dexterity (-4).
   rCorr:     It protects you from acid and corrosion.
   Will:      It greatly increases your willpower.
 R - a +5 ring of evasion
Wands
 j - a wand of charming (12)
 v - a wand of flame (40)
 H - a wand of roots (4)
 S - a wand of polymorph (6)
Scrolls
 d - 3 scrolls of enchant armour
 g - a scroll of amnesia
 p - 2 scrolls of blinking
 r - 4 scrolls of vulnerability
 t - 7 scrolls of fog
 w - a scroll of brand weapon
 y - 4 scrolls of poison
 z - 8 scrolls of teleportation
 D - 3 scrolls of enchant weapon
 G - a scroll of butterflies
 P - a scroll of magic mapping
 Q - 3 scrolls of immolation {unknown}
 T - a scroll of silence
Potions
 a - 2 potions of lignification
 b - 4 potions of brilliance
 k - a potion of heal wounds
 l - 4 potions of attraction
 m - 4 potions of flight
 n - 2 potions of curing
 o - 5 potions of might
 x - a potion of ambrosia
 J - 3 potions of mutation
Miscellaneous
 M - a lightning rod (4/4)


   Skills:
 + Level 4.3 Fighting
 + Level 5.8 Throwing
 + Level 9.1 Dodging
 - Level 4.0 Stealth
 * Level 10.9 Unarmed Combat
 + Level 12.5 Spellcasting
 + Level 8.8 Transmutations
 + Level 2.9 Fire Magic
 - Level 1.3 Ice Magic
 - Level 0.3 Air Magic
 + Level 13.9 Poison Magic
 + Level 0.2 Invocations
 + Level 1.7 Evocations


You had 18 spell levels left.
You knew the following spells:

 Your Spells              Type           Power      Damage    Failure   Level
a - Beastly Appendage     Tmut           76%        N/A       1%          1
b - Wereblood             Tmut           38%        N/A       1%          2
c - Spider Form           Tmut/Pois      46%        N/A       1%          3
d - Ignite Poison         Fire/Tmut/Pois 54%        N/A       1%          3
e - Mephitic Cloud        Conj/Pois/Air  25%        N/A       3%          3
f - Olgreb's Toxic Radia  Pois           53%        N/A       1%          4
g - Ice Form              Ice/Tmut       26%        N/A       9%          4

Your spell library contained the following spells:

 Spells                   Type           Power      Damage    Failure   Level
 Sting                    Tmut/Pois      100%       1d8       1%          1
 Cigotuvi's Dreadful Rot  Necr/Pois/Air  50%        N/A       1%          2
 Poisonous Vapours        Pois/Air       64%        N/A       1%          2
 Apportation              Tloc           20%        N/A       7%          1
 Magic Dart               Conj           40%        1d5       7%          1
 Necrotise                Necr           40%        1d6       7%          1
 Shock                    Conj/Air       40%        1d5       7%          1
 Summon Small Mammal      Summ           40%        N/A       7%          1
 Ensorcelled Hibernation  Hex/Ice        24%        N/A       9%          2
 Call Imp                 Summ           20%        N/A       11%         2
 Sublimation of Blood     Necr           10%        N/A       11%         2
 Swiftness                Air            11%        N/A       19%         3
 Summon Guardian Golem    Hex/Summ       10%        N/A       22%         3
 Sticky Flame             Conj/Fire      22%        2d4       36%         4
 Airstrike                Air            5%         2d(1-17)  52%         4
 Anguish                  Hex/Necr       5%         N/A       56%         4
 Dispel Undead            Necr           10%        3d9       56%         4
 Freezing Cloud           Conj/Ice/Air   5%         6-21      83%         5
 Death Channel            Necr           5%         N/A       100%        6
 Orb of Destruction       Conj           5%         9d5       100%        7
 Spellforged Servitor     Conj/Summ      5%         N/A       100%        7
 Summon Hydra             Summ           5%         N/A       100%        7
 Ignition                 Fire           14%        3d6       100%        8


Dungeon Overview and Level Annotations

Branches:
Dungeon (12/15)            Temple (1/1) D:4            Lair (5/5) D:11
  Swamp (0/4) Lair:2        Snake (1/4) Lair:2        Slime (0/5) Lair:4
 Bailey (visited)         Gauntlet (1/1)
    Orc: D:9-12

Altars:
Ashenzari
Cheibriados
Dithmenos
Elyvilon
Fedhas
Gozag
Hepliaklqana
Kikubaaqudgha
Makhleb
Nemelex Xobeh
Okawaru
Qazlal
Ru
Sif Muna
Trog
Uskayaw
Vehumet
Wu Jian
Xom
Yredelemnul
Zin
The Shining One

Shops:
D:2 :   D:9 [   D:10 *[*(

Annotations:
D:5 1 runed translucent door, bronco's ghost, novice VSBr
Lair:5 2 transporters, VictoriousLee's ghost, journeyman DsNe Gauntlet 7 transporters, 2 runed translucent doors


Innate Abilities, Weirdness & Mutations

Your life essence is reduced to manifest your ancestor. (-10% HP)
You can breathe blasts of noxious fumes.
Your lurid green scales are hard. (AC +8)
You cannot fit into any form of body armour.
Your tail ends in a venomous barb.
Your system is resistant to poisons. (rPois)
You are cold-blooded and may be slowed by cold attacks.
You have a pair of small antennae on your head.
Your skin changes colour to match your surroundings (Stealth+).


Message History

Blink to where?
Press: ? - help, Dir - move target
As you read the scroll of blinking, it crumbles to dust.
The hellion gestures at you.
The sphere of damnation explodes!
The damnation engulfs you!!!
* * * LOW HITPOINT WARNING * * *
As you read the scroll labelled TIKAUS GAKE, it crumbles to dust.
You hear the flapping of tiny wings.
Tepiltzin is knocked back by the sudden gust.
The hell hound is knocked back by the sudden gust.
It was a scroll of butterflies.
Tepiltzin blocks something's attack.
Something barely misses Tepiltzin.
Something hits Tepiltzin but does no damage.
The hell hound breathes flames at you. The blast of flame misses you.
Tepiltzin blocks something's attack.
Something barely misses Tepiltzin.
Something hits Tepiltzin but does no damage.
Tepiltzin blocks the hellion's attack.
You feel much better. The hell hound misses you.
Tepiltzin hits the hellion with a +0 flail!
Something hits Tepiltzin but does no damage.
Something hits Tepiltzin.
Something hits Tepiltzin but does no damage.
Tepiltzin blocks the hellion's attack.
The hell hound misses you. The hell hound bites your butterfly!
Your butterfly dies!
Your butterfly disappears in a burst of colours!
The hell hound barely misses you.
You swap places.
The hell hound closely misses your butterfly.
Tepiltzin blocks something's attack.
The hell hound closely misses your butterfly.
The hell hound bites your butterfly!
Your butterfly dies!
Your butterfly disappears in a burst of colours!
The smoke demon gestures at you. The sticky flame misses you.
The hellion gestures at you.
The sphere of damnation explodes!
The damnation engulfs you!!
You die...

#....#..#..§......#..#........
#..###..#.##.##.#.#..#.##...##
... #≈..#..#..#...#..#.#.#.#.#
#. ##..#[.##.##..####..##†##.
#≈..#©2.#©.#..#©©#©.#.©.#.
##..#.#b##b##.####..##.##.
#≈..#R#.3#....#..#[#.#.#.#
##..#b##.##.#.#..#.##...##
#§..#..h.@....#..#........
##..###########..#########
#≈........................
##................§§§.....
##≈#≈#§#≈#≈#≈#§#≈#≈#≈#≈#≈
########################


You could see a smoke demon, a hellion and a hell hound (ally target).

Vanquished Creatures
  Gastronok (Lair:2)
  Snorg (Lair:5)
  Erolcha (D:10)
  4 hydras
  A boulder beetle (Lair:4)
  4 catoblepae (Lair:5)
  2 two-headed ogres (D:11)
  7 death yaks (Lair:5)
  A soul eater (Gauntlet)
  2 skysharks (Lair:5)
  An orc knight (Bailey)
  Pikel (D:6)
  A cyclops (D:11)
  A manticore (Lair:5)
  A black mamba (Lair:2)
  3 elephants
  A guardian serpent (Lair:2)
  A moth of wrath (Gauntlet)
  3 molten gargoyles (D:10)
  A torpor snail (Lair:5)
  12 cane toads
  Maggie (D:6)
  Psyche (D:9)
  4 komodo dragons
  A kobold demonologist (D:9)
  A rime drake (Lair:3)
  4 trolls
  A hornet (Lair:3)
  A polar bear (Lair:5)
  Prince Ribbit (D:7)
  29 blink frogs
  8 dream sheep (Lair:5)
  55 yaks
  4 wyverns
  A vampire (D:9)
  Eustachio (D:5)
  4 basilisks
  3 steam dragons (D:8)
  A swamp worm (Lair:2)
  16 water moccasins
  2 acid dragons
  3 sky beasts (D:8)
  3 ice beasts
  A black bear (D:3)
  11 orc warriors
  19 wolves
  An ogre (D:6)
  3 centaurs
  2 lemures
  A kobold brigand (D:10)
  10 bullfrogs
  3 phantoms (D:5)
  8 wights
  2 howler monkeys
  4 electric eels (Lair:5)
  2 jellies
  4 hounds
  A gnoll bouda (D:7)
  6 orc priests
  3 iguanas
  5 orc wizards
  Robin (D:4)
  8 gnolls
  4 adders
  4 shadow imps
  A white imp (D:6)
  4 worms
  5 dart slugs
  41 orcs
  5 ball pythons
  6 endoplasms
  2 giant cockroaches (D:3)
  17 goblins
  14 hobgoblins
  2 jackals (D:1)
  9 quokkas
  7 bats
  6 frilled lizards
  15 kobolds
  9 rats
441 creatures vanquished.

Vanquished Creatures (collateral kills)
  2 death yaks (Lair:5)
  A manticore (Lair:5)
  2 elephants
  A black mamba (Lair:1)
  A molten gargoyle (D:10)
  2 cane toads (Lair:5)
  An unseen horror (D:11)
  4 blink frogs
  4 dream sheep (Lair:5)
  2 wraiths (D:11)
  A basilisk (Lair:2)
  6 yaks
  3 water moccasins
  A black bear (Lair:4)
  3 wolves
  A bullfrog (D:8)
  An electric eel (Lair:5)
  A howler monkey (D:9)
  2 orc priests
  An iguana (Lair:2)
  A shadow imp (Gauntlet)
  2 orcs (D:9)
43 creatures vanquished.

Vanquished Creatures (others)
  7 knights
  An orc (D:5)
8 creatures vanquished.

Grand Total: 492 creatures vanquished

Notes
Turn   | Place    | Note
-------+----------+-------------------------------------------
     0 | D:1      | caec the Draconian Transmuter began the quest for the Orb.
     0 | D:1      | Reached XP level 1. HP: 16/16 MP: 3/3
   111 | D:1      | Reached XP level 2. HP: 23/23 MP: 3/5
   141 | D:1      | Learned a level 2 spell: Wereblood
   435 | D:1      | Reached XP level 3. HP: 26/28 MP: 4/6
   807 | D:2      | Found a shimmering altar of Xom.
   978 | D:2      | Found Nyihous's Book Shoppe.
  1185 | D:2      | Identified the +3 leather armour of Monotheism {rF+}
  1531 | D:3      | Identified the ring of Unkin {Fire rN+ Str+6 Slay+3}
  1723 | D:3      | Found a faded altar of an unknown god.
  1747 | D:3      | Reached XP level 4. HP: 35/35 MP: 8/8
  2511 | D:4      | Noticed Robin
  2840 | D:4      | Reached XP level 5. HP: 36/40 MP: 9/9
  2998 | D:4      | Found a staircase to the Ecumenical Temple.
  3036 | Temple   | Entered the Ecumenical Temple
  3281 | D:4      | Killed Robin
  3322 | D:4      | Found a broken altar of Ashenzari.
  3410 | D:4      | Noticed a black bear
  3685 | D:4      | Learned a level 3 spell: Spider Form
  3741 | D:5      | Entered Level 5 of the Dungeon
  3836 | D:5      | Noticed a phantom
  3848 | D:5      | Killed a phantom
  3849 | D:5      | Reached XP level 6. HP: 44/47 MP: 11/11
  4006 | D:5      | Found a runed translucent door.
  4019 | D:5      | Found a shimmering altar of Xom.
  4258 | D:5      | Noticed Eustachio
  4285 | D:5      | Killed Eustachio
  4286 | D:5      | Reached skill level 1 in Throwing
  4286 | D:5      | Your scales start taking on a lurid green colour.
  4286 | D:5      | Reached XP level 7. HP: 39/52 MP: 13/13
  4286 | D:5      | Gained mutation: Your system is resistant to poisons.
                  | (rPois) [Green Draconian growth]
  4352 | D:3      | Reached skill level 1 in Stealth
  4352 | D:3      | Reached skill level 5 in Unarmed Combat
  4442 | D:2      | Bought a book of Minor Magic for 216 gold pieces
  4596 | D:5      | Noticed bronco's ghost (novice VSBr)
  5181 | D:5      | Reached skill level 1 in Poison Magic
  5285 | D:6      | Reached XP level 8. HP: 53/60 MP: 14/14
  5304 | D:6      | Reached skill level 2 in Poison Magic
  5438 | D:6      | Found a stormy altar of Qazlal.
  5442 | D:6      | Reached skill level 1 in Evocations
  5634 | D:6      | Noticed Pikel
  5986 | D:5      | Learned a level 3 spell: Ignite Poison
  6132 | D:6      | Killed Pikel
  6133 | D:6      | Reached skill level 5 in Spellcasting
  6133 | D:6      | Reached skill level 3 in Poison Magic
  6362 | D:6      | Noticed Maggie
  6384 | D:6      | Killed Maggie
  6385 | D:6      | Reached skill level 4 in Poison Magic
  6385 | D:6      | Reached XP level 9. HP: 68/68 MP: 16/16
  6511 | D:6      | Learned a level 3 spell: Mephitic Cloud
  6730 | D:7      | Reached skill level 5 in Transmutations
  7288 | D:7      | Found an ornate altar of the Wu Jian Council.
  7288 | D:7      | Found a hazy altar of Hepliaklqana.
  7300 | D:7      | Noticed Prince Ribbit
  7313 | D:7      | Killed Prince Ribbit
  7332 | D:7      | Found a white marble altar of Elyvilon.
  7333 | D:7      | Found a burning altar of Makhleb.
  7389 | D:7      | Reached skill level 5 in Poison Magic
  7461 | D:7      | Found an opulent altar of Gozag.
  8065 | D:7      | Became a worshipper of Hepliaklqana the Forgotten
  8187 | D:8      | Found a flagged portal.
  8217 | Bailey   | Entered a bailey
  8335 | Bailey   | Reached XP level 10. HP: 73/74 MP: 15/19
  8820 | Bailey   | Noticed an orc knight
  8832 | Bailey   | Killed an orc knight
  9270 | D:8      | Reached * piety under Hepliaklqana
  9356 | D:8      | Found a glowing silver altar of Zin.
  9365 | D:8      | Reached skill level 6 in Poison Magic
  9582 | D:8      | Found a radiant altar of Vehumet.
  9582 | D:8      | Found a snail-covered altar of Cheibriados.
  9582 | D:8      | Found a shadowy altar of Dithmenos.
  9602 | D:8      | Found a shimmering blue altar of Sif Muna.
 10212 | D:9      | Noticed Psyche
 10252 | D:9      | Killed Psyche
 11094 | D:9      | Found Abu Lenkue's Armour Shop.
 11100 | D:9      | Reached ** piety under Hepliaklqana
 11102 | D:9      | Remembered your ancestor Tepiltzin as a knight
 11140 | D:9      | You fall into a shaft and drop 2 floors!
 11175 | D:11     | Noticed a cyclops
 11185 | D:11     | Killed a cyclops
 11367 | D:11     | Reached XP level 11. HP: 62/73 MP: 11/22
 11468 | D:11     | Reached skill level 5 in Dodging
 11637 | D:11     | Noticed a two-headed ogre
 11649 | D:11     | Killed a two-headed ogre
 11650 | D:11     | Reached skill level 7 in Poison Magic
 11684 | D:11     | Noticed a two-headed ogre
 11691 | D:11     | Killed a two-headed ogre
 11842 | D:11     | Found a staircase to the Lair.
 12052 | D:11     | Reached skill level 5 in Throwing
 12060 | D:11     | Learned a level 4 spell: Olgreb's Toxic Radiance
 12099 | D:10     | Entered Level 10 of the Dungeon
 12205 | D:10     | Found Itauv's Weapon Emporium.
 12207 | D:10     | Found Xeucaip's Armour Emporium.
 12208 | D:10     | Found Tumoasin's Assorted Antiques.
 12209 | D:10     | Found Zaun Too's General Store.
 12228 | D:10     | Bought 6 poisoned darts for 57 gold pieces
 12486 | D:9      | Reached *** piety under Hepliaklqana
 12918 | D:10     | Learned a level 4 spell: Ice Form
 13337 | D:10     | Noticed Erolcha
 13343 | D:10     | Killed Erolcha
 13448 | D:10     | Identified the +4 scale mail of the Dwarven Hall {Harm
                  | +Blink rC+}
 13895 | Lair:1   | Entered Level 1 of the Lair of Beasts
 13943 | Lair:1   | Reached skill level 8 in Poison Magic
 14079 | Lair:1   | Reached XP level 12. HP: 53/80 MP: 8/25
 14369 | Lair:1   | Reached skill level 9 in Poison Magic
 14894 | Lair:2   | Reached **** piety under Hepliaklqana
 15028 | Lair:2   | Reached skill level 10 in Spellcasting
 15050 | Lair:2   | Reached skill level 1 in Ice Magic
 15070 | Lair:2   | Noticed Gastronok
 15087 | Lair:2   | Killed Gastronok
 15088 | Lair:2   | Reached skill level 10 in Poison Magic
 15355 | Lair:2   | Found a staircase to the Snake Pit.
 15430 | Lair:2   | Gained mutation: Your muscles are strong. (Str +4, Int/Dex
                  | -1) [potion of mutation]
 15430 | Lair:2   | Gained mutation: You have a pair of small horns on your
                  | head. [potion of mutation]
 15430 | Lair:2   | Gained mutation: You have large cloven feet. [potion of
                  | mutation]
 15431 | Lair:2   | Lost mutation: You have a pair of small horns on your head.
                  | [potion of mutation]
 15431 | Lair:2   | Lost mutation: Your muscles are strong. (Str +4, Int/Dex
                  | -1) [potion of mutation]
 15431 | Lair:2   | Lost mutation: You have large cloven feet. [potion of
                  | mutation]
 15431 | Lair:2   | Gained mutation: You have a pair of small antennae on your
                  | head. [potion of mutation]
 15431 | Lair:2   | Gained mutation: Your skin changes colour to match your
                  | surroundings (Stealth+). [potion of mutation]
 15757 | Lair:2   | Noticed a six-headed hydra
 15763 | Lair:2   | Killed a six-headed hydra
 15778 | Lair:2   | Noticed a five-headed hydra
 15796 | Lair:2   | Killed a five-headed hydra
 15797 | Lair:2   | Reached skill level 1 in Fire Magic
 15942 | Lair:2   | Found a staircase to the Swamp.
 16070 | Snake:1  | Entered Level 1 of the Snake Pit
 16114 | Lair:3   | Identified the +1 quarterstaff "Valuhye" {heavy, rF++
                  | Str-4}
 16195 | Lair:3   | Noticed a five-headed hydra
 16207 | Lair:3   | Killed a five-headed hydra
 16306 | Lair:3   | Reached XP level 13. HP: 77/85 MP: 19/27
 16311 | Lair:3   | Reached skill level 11 in Poison Magic
 16603 | Lair:3   | Reached ***** piety under Hepliaklqana
 17296 | Lair:4   | Found a staircase to the Slime Pits.
 18818 | Lair:5   | Entered Level 5 of the Lair of Beasts
 18818 | Lair:5   | Found a transporter.
 18902 | Lair:5   | Reached skill level 10 in Unarmed Combat
 18967 | Lair:5   | Reached skill level 12 in Poison Magic
 19363 | Lair:5   | Gained mutation: Your tail ends in a venomous barb. [Green
                  | Draconian growth]
 19363 | Lair:5   | Reached XP level 14. HP: 57/93 MP: 25/29
 19518 | Lair:5   | Noticed Snorg
 19527 | Lair:5   | Killed Snorg
 19532 | Lair:5   | Reached skill level 13 in Poison Magic
 19921 | Lair:5   | Found a transporter.
 19929 | Lair:5   | Noticed VictoriousLee's ghost (journeyman DsNe)
 20922 | D:12     | Found a gate leading to a gauntlet.
 20932 | Gauntlet | Entered a Gauntlet
 20932 | Gauntlet | Found a transporter.
 20932 | Gauntlet | Found a transporter.
 20951 | Gauntlet | Found a transporter.
 20954 | Gauntlet | Found a transporter.
 20964 | Gauntlet | Found a transporter.
 20967 | Gauntlet | Found a transporter.
 20985 | Gauntlet | Found a transporter.
 20997 | Gauntlet | Found a runed translucent door.
 20998 | Gauntlet | Found a transporter.
 20999 | Gauntlet | Found a runed translucent door.
 21000 | Gauntlet | Found the amulet of the Air {Inacc Air Fly rElec RMsl}
 21004 | Gauntlet | Found a transporter.
 21007 | Gauntlet | Found a transporter.
 21016 | Gauntlet | Found a transporter.
 21018 | Gauntlet | Found a transporter.
 21377 | Gauntlet | Identified the ring of Lyuxe {Will+++ rCorr Int+4 Dex-4}
 21384 | Gauntlet | Killed from afar by a hellion

Illustrated notes

Levels and vault maps discovered:
D:1:      nicolae_arrival_washed_ashore, layout_rooms
D:2:      layout_loops_cross, basic_altar, serial_shops,
          nicolae_shop_tiny_real_fake_doors
D:3:      layout_basic, dreamdust_ecumenical_altar_statues,
          minmay_pentomino_pile
D:4:      layout_rooms, cheibrodos_ashenzari_chains, temple_fountains,
          hex_intersection, chequers_serial_rivers_marsh, uniq_robin
D:5:      layout_gridville, general_overflow_altar, gammafunk_ghost_grave,
          uniq_eustachio
D:6:      layout_cave_pools, kennysheep_little_box, uniq_pikel, uniq_maggie
D:7:      layout_basic, lemuel_doored_altar, nicolae_overflow_hidden_temple,
          uniq_prince_ribbit1
D:8:      layout_layer_cave, grunt_temple_overflow_open,
          mainiacjoe_overflow_concentric_impassable, enter_bailey_3,
          hangedman_misty_isle
D:9:      layout_irregular_city, serial_shops, shop, uniq_psyche
D:10:     layout_basic, minmay_shop_grid_forest, minivault_8, uniq_erolcha
D:11:     layout_irregular_city, lair_entry_dummy, grunt_ministairs_4
D:12:     layout_basic, orc_0_dummy, gauntlet_entry_generic,
          muffindrake_ghost_dual_entry, minmay_misc_feat_rows
Temple:   grunt_temple_mini_profane
Lair:1:   layout_regular_city, eino_small_chamber_without_monster,
          serial_bayou_lagoon_a, grunt_megastairs_5
Lair:2:   layout_chaotic_city, palyth_hydra_swamp_entry,
          minmay_snake_entry_spellcaster, uniq_gastronok
Lair:3:   layout_regular_city
Lair:4:   statuecave_lemuel, layout_layer_cave, dpeg_slime_entry_corner,
          columned_hall_lemuel
Lair:5:   evilmike_catoblepas_cave, layout_small_grid, serial_bayou,
          serial_bayou_shore_a, serial_bayou_ford_a, serial_bayou_pond_c,
          serial_bayou_pond_c, serial_bayou_lake_a, serial_bayou_pond_c,
          gammafunk_ghost_hive, lemuel_fruit_tree, serial_bayou_shore_b,
          uniq_snorg
Snake:1:  layout_chambers, lightli_airlock
Gauntlet: minmay_gauntlet_mixed_big_or_small
          [gammafunk_gauntlet_arena_split_diamond,
          minmay_gauntlet_arena_77_two_lines, gammafunk_gauntlet_arena_corners,
          minmay_gauntlet_arena_77_squiggly, nicolae_gauntlet_arena_grate_2,
          minmay_gauntlet_arena_77_cramped,
          nicolae_gauntlet_exit_dead_adventurers]

Skill      XL: |  1  2  3  4  5  6  7  8  9 10 11 12 13 14 |
---------------+-------------------------------------------+-----
Dodging        | 2 3 4 6 7 8 9 |  9.1
Transmutations | 3 4 5 7 8 |  8.8
Spellcasting   | 3 4 5 6 7 9 10 11 12 | 12.5
Unarmed Combat | 4 5 6 7 8 9 10 | 10.9
Throwing       | 1 2 3 4 5 |  5.8
Stealth        | 1 2 3 4 |  4.0
Poison Magic   | 1 4 5 6 8 10 12 13 | 13.9
Evocations     | 1 |  1.7
Fighting       | 2 3 4 |  4.3
Ice Magic      | 1 |  1.3
Fire Magic     | 1 2 |  2.9
Air Magic      | |  0.3
Invocations    | |  0.2

Action                     |  1- 3 |  4- 6 |  7- 9 | 10-12 | 13-15 || total
---------------------------+-------+-------+-------+-------+-------++-------
  Melee: Unarmed           |   122 |   117 |   148 |   147 |   150 ||   684
         Kick              |    27 |    21 |    21 |     7 |     4 ||    80
         Tailslap          |     8 |     6 |    23 |    17 |    23 ||    77
         Headbutt          |    11 |    15 |    13 |    11 |       ||    50
         Punch             |     4 |     6 |     7 |    11 |     9 ||    37
  Throw: Dart              |       |    19 |    62 |    58 |    15 ||   154
   Cast: Beastly Appendage |    29 |    29 |    24 |    10 |     2 ||    94
         Wereblood         |     9 |    15 |     3 |     2 |     5 ||    34
         Ignite Poison     |       |       |    18 |    70 |    40 ||   128
         Mephitic Cloud    |       |       |     4 |    18 |    12 ||    34
         Spider Form       |       |       |     1 |     2 |       ||     3
         Olgreb's Toxic Ra |       |       |       |    42 |    80 ||   122
         Ice Form          |       |       |       |     3 |     2 ||     5
 Invoke: Recall Ancestor   |       |       |       |     2 |       ||     2
         Ancestor Life: Kn |       |       |       |     1 |       ||     1
         Transference      |       |       |       |       |     2 ||     2
Ability: Breathe Noxious F |       |       |    14 |    20 |    15 ||    49
  Evoke: Wand              |       |     5 |    14 |     1 |       ||    20
         Lightning rod     |       |       |       |     1 |       ||     1
    Use: Scroll            |     7 |     7 |     2 |     5 |     3 ||    24
         Potion            |       |       |     1 |     5 |     4 ||    10
   Stab: Sleeping          |     2 |       |     2 |       |       ||     4
         Confused          |       |       |     8 |     4 |     1 ||    13
         Petrified         |       |       |       |       |     4 ||     4
 Armour: Skin              |    34 |    48 |    71 |    66 |    66 ||   285
  Dodge: Dodged            |    57 |    93 |   109 |   172 |   145 ||   576
         Repelled          |       |       |       |     1 |       ||     1
